 Dungeon Crawl Stone Soup version 0.27-a0-1136-g0b992a5a9d (webtiles) character file.

Game seed: 2812970392474769931

71 kae the Chopper (level 4, 0/40 HPs)
             Began as a Hill Orc Fighter on May 4, 2021.
             Succumbed to a scorpion's poison
             ... on level 2 of the Dungeon.
             The game lasted 00:01:15 (1427 turns).

kae the Chopper (Hill Orc Fighter)                  Turns: 1427, Time: 00:01:15

Health: 0/40       AC:  8    Str: 19    XL:     4   Next: 24%
Magic:  4/4        EV:  7    Int:  8    God:
Gold:   39         SH:  9    Dex: 10    Spells: 3/3 levels left

rFire    . . .     SeeInvis .   a - +0 war axe
rCold    . . .     Faith    .   c - +0 kite shield
rNeg     + . .     Spirit   .   b - +0 scale mail
rPois    .         Reflect  .   (no helmet)
rElec    .         Harm     .   (no cloak)
rCorr    .         Rampage  .   (no gloves)
Will     .....                  h - +0 pair of boots
Stlth    ..........             (no amulet)
HPRegen  0.13/turn              l - +4 ring of slaying
MPRegen  0.09/turn              e - ring of positive energy

@: lethally poisoned (0 -> -10)
A: no striking features
a: no special abilities


You were on level 2 of the Dungeon.
You visited 1 branch of the dungeon, and saw 2 of its levels.

You collected 39 gold pieces.

Inventory:

Hand Weapons
 a - a +0 war axe (weapon)
Armour
 b - a +0 scale mail (worn)
 c - a +0 kite shield (worn)
 h - a +0 pair of boots (worn)
Jewellery
 e - a ring of positive energy (right hand)
 l - a +4 ring of slaying (left hand)
Potions
 d - a potion of might
 g - a potion of curing {unknown}
 i - a potion of brilliance {unknown}
 j - a potion of resistance {unknown}
 k - a potion of degeneration {unknown}


   Skills:
 + Level 4.3 Fighting
 * Level 4.5 Axes
 + Level 3.9 Armour
 - Level 3.2 Shields


You had 3 spell levels left.
You didn't know any spells.
Your spell library contained the following spells:

 Spells                   Type           Power      Damage    Failure   Level
 Beastly Appendage        Tmut           0%         N/A       99%         1
 Wereblood                Tmut           0%         N/A       100%        2
 Spider Form              Tmut/Pois      0%         N/A       100%        3
 Ice Form                 Ice/Tmut       0%         N/A       100%        4
 Hydra Form               Tmut           0%         N/A       100%        5


Dungeon Overview and Level Annotations

Branches:
Dungeon (2/15)

Altars:


Message History

You are too injured to fight recklessly!
You closely miss the scorpion.
The scorpion is heavily wounded.
The scorpion stings you. You block the scorpion's attack.
You barely miss the scorpion.
The scorpion is heavily wounded.
The scorpion stings you.
The scorpion stings you but does no damage.
You hit the scorpion but do no damage.
The scorpion is heavily wounded.
You block the scorpion's attack.
You hit the scorpion.
The scorpion is heavily wounded.
The scorpion stings you.
* * * LOW HITPOINT WARNING * * *
The scorpion stings you.
* * * LOW HITPOINT WARNING * * *
You hit the scorpion but do no damage.
The scorpion is heavily wounded.
The scorpion stings you but does no damage.
The scorpion stings you.
* * * LOW HITPOINT WARNING * * *
You closely miss the scorpion.
The scorpion is heavily wounded.
The scorpion barely misses you.
You completely miss the scorpion.
The scorpion is heavily wounded.
The scorpion stings you but does no damage.
The scorpion barely misses you.
You completely miss the scorpion.
The scorpion is heavily wounded.
You block the scorpion's attack. x2
You hit the scorpion.
The scorpion is heavily wounded.
You block the scorpion's attack. The scorpion stings you.
* * * LOW HITPOINT WARNING * * *
You are lethally poisoned!
The scorpion poisons you!
It was a potion of cancellation.
You feel magically purged.
You die...

##..# #.........#
#.# _#..#
#.#######.# #.#
,#.,#####.#
#<####.#
,+.,#.....#
#......#
,#.,#.....#
#.######
#####.###.# #.#
......# #.# #.#
#####.#
#.#######†# ##
#.# #......s@.#
.####.#
#######.###
......# #.*
.####.# #.*
#####.#########.*
...........^$...*
#####.##########*
#####.# .....<#


You could see a scorpion.

Vanquished Creatures
  A howler monkey skeleton (D:2)
  An adder (D:2)
  A worm (D:2)
  A dart slug (D:1)
  2 ball pythons
  6 endoplasms
  A giant cockroach (D:2)
  3 goblins
  3 hobgoblins (D:1)
  6 jackals
  3 kobolds (D:1)
  2 quokkas
  5 bats
  2 frilled lizards
  4 rats
41 creatures vanquished.

Notes
Turn   | Place    | Note
-------+----------+-------------------------------------------
     0 | D:1      | kae the Hill Orc Fighter began the quest for the Orb.
     0 | D:1      | Reached XP level 1. HP: 19/19 MP: 1/1
   175 | D:1      | Reached XP level 2. HP: 27/27 MP: 2/2
   410 | D:1      | Reached XP level 3. HP: 30/33 MP: 3/3
  1111 | D:2      | Reached XP level 4. HP: 35/40 MP: 4/4
  1412 | D:2      | Noticed a scorpion
  1427 | D:2      | Succumbed to a scorpion's poison

Illustrated notes

Levels and vault maps discovered:
D:1:      amcnicky_arrival_blooded_trapdoor, layout_loops_ring
D:2:      layout_loops_ring, shapermc_ecumenical_altar_mp_vishouse,
          uniq_crazy_yiuf_cottage

Skill      XL: |  1  2  3 |
---------------+----------+-----
Axes           | 3 4 |  4.5
Fighting       | 4 |  4.3
Armour         | |  3.9
Shields        | |  3.2

Action                   |  1- 3 |  4- 6 || total
-------------------------+-------+-------++-------
Melee: War axe           |    90 |    41 ||   131
  Use: Scroll            |     2 |       ||     2
       Potion            |       |     1 ||     1
Armor: Scale mail        |    51 |    17 ||    68
Dodge: Dodged            |    27 |    18 ||    45
Block: Kite shield       |    52 |    27 ||    79

Table legend: (Time is in decaauts)
 A = Elapsed time spent in this place.
 B = Non-inter-level travel time spent in this place.
 C = Inter-level travel time spent in this place.
 D = Time resting spent in this place.
 E = Time spent auto-exploring this place.
 F = Levels seen in this place.
 G = Mean time per level.
                   A        B        C        D        E       F      G
               +--------+--------+--------+--------+--------+-----+--------+
         Total |   1496 |   1459 |     37 |    274 |    850 |   2 |  748.0 |
       Dungeon |   1496 |   1459 |     37 |    274 |    850 |   2 |  748.0 |
               +--------+--------+--------+--------+--------+-----+--------+

Top non-repeatable levels by time:
     D:1: 763 daAuts
     D:2: 732 daAuts
